 Dungeon Crawl Stone Soup version 0.22.0 (webtiles) character file.

175019 inmateoo the Severer (level 17, -18/157 HPs)
             Began as a Minotaur Fighter on Aug 10, 2018.
             Was the Champion of Okawaru.
             Killed from afar by a lindwurm (28 damage)
             ... with a blast of flame
             ... on level 4 of the Snake Pit.
             The game lasted 00:31:00 (29924 turns).

inmateoo the Severer (Minotaur Fighter)            Turns: 29924, Time: 00:31:01

Health: -18/157    AC: 34    Str: 26    XL:     17   Next: 46%
Magic:  0/20       EV: 14    Int:  5    God:    Okawaru [******]
Gold:   998        SH: 15    Dex: 12    Spells: 16/16 levels left

rFire    . . .     SeeInvis +   U - +7 war axe (chop)
rCold    . . .     Gourm    .   L - +2 shield
rNeg     . . .     Faith    .   K - +15 Maxwell's patent armour {-Cast -Tele rElec MR+ rCorr}
rPois    +         Spirit   +   (helmet restricted)
rElec    +         Reflect  .   W - scarf {cloud immunity}
rCorr    +         Harm     .   Q - +1 pair of gloves of the Peasants {SInv}
MR       +++..     NoTele   +   (no boots) Stlth ..........NoCast +
                                y - amulet of guardian spirit
HPRegen  0.36/turn              m - ring of poison resistance
MPRegen  0.17/turn              p - ring of protection from magic

@: lethally poisoned (-18 -> -28)
A: retaliatory headbutt, horns 2
a: Heroism, Finesse, Renounce Religion


You were on level 4 of the Snake Pit.
You worshipped Okawaru.
Okawaru was exalted by your worship.
You were completely stuffed.

You visited 5 branches of the dungeon, and saw 28 of its levels.
You also visited: Ossuary.

You collected 2750 gold pieces.
You spent 1752 gold pieces at shops.

Inventory:

Hand Weapons
 C - the +5 whip of Eragyxey {slash, Str+2}
   (You found it on level 8 of the Dungeon)

   It inflicts extra damage upon your enemies.
   It affects your strength (+2).
 G - the +7 hand axe of Severance {protect, +Rage Dex+4}
   (You found it on level 11 of the Dungeon)

   It protects the one who uses it against injury (+AC on strike).
   It affects your dexterity (+4).
   It lets you go berserk.
 M - a +0 broad axe
 U - a +7 war axe of chopping (weapon)
 V - a +6 war axe of flaming
Missiles
 a - 6 javelins of returning (quivered)
Armour
 A - the +0 scale mail of Midnight {rElec rC+ Dex+3 Slay+2}
   (You found it on level 8 of the Dungeon)

   It affects your dexterity (+3).
   It affects your accuracy and damage with ranged weapons and melee attacks
   (+2).
   It protects you from cold.
   It insulates you from electricity.
 K - the +15 Maxwell's patent armour (worn) {-Cast -Tele rElec MR+ rCorr}
   (You found it on level 2 of the Lair of Beasts)

   It insulates you from electricity.
   It affects your resistance to hostile enchantments.
   It prevents spellcasting.
   It prevents most forms of teleportation.
   It provides partial protection from all sources of acid and corrosion.
 L - a +2 shield (worn)
 Q - the +1 pair of gloves of the Peasants (worn) {SInv}
   (You found it on level 2 of the Lair of Beasts)

   It lets you see invisible.
 W - a scarf of cloud immunity (worn)
Jewellery
 m - a ring of poison resistance (left hand)
 p - a ring of protection from magic (right hand)
 y - an amulet of guardian spirit (around neck)
 S - an uncursed ring of ice
Wands
 q - a wand of random effects (103)
 r - a wand of paralysis (71)
 v - a wand of scattershot (13)
 x - a wand of acid (42)
 F - a wand of polymorph (7)
 H - a wand of clouds (2)
 N - a wand of flame (31)
Scrolls
 c - 2 scrolls of fog
 g - 10 scrolls of teleportation
 h - 3 scrolls of enchant weapon
 l - 13 scrolls of remove curse
 n - 5 scrolls of blinking
 t - 10 scrolls of identify
 E - 4 scrolls of enchant armour
 I - 5 scrolls of amnesia
 O - 3 scrolls of fear
Potions
 b - 4 potions of lignification
 d - 8 potions of might
 e - 6 potions of mutation
 j - 3 potions of cancellation
 k - 6 potions of heal wounds
 o - 7 potions of brilliance
 s - 15 potions of curing
 u - 6 potions of haste
 z - 3 potions of flight
 B - 5 potions of invisibility
 P - 2 potions of magic
 R - a potion of agility
 T - a potion of ambrosia
Miscellaneous
 J - a lightning rod (4/4)
Comestibles
 f - 34 rations


   Skills:
 + Level 15.7 Fighting
 * Level 20.8 Axes
 + Level 16.0 Armour
 + Level 13.5 Dodging
 + Level 12.7 Shields
 - Level 4.4 Invocations
 + Level 6.0 Evocations


You had 16 spell levels left.
You didn't know any spells.
Your spell library contained the following spells:

 Spells                   Type           Power        Failure   Level  Hunger
 Apportation              Tloc           #.....       99%         1    ##.....
 Bolt of Magma            Conj/Fire/Erth #.........   100%        5    ######.
 Venom Bolt               Conj/Pois      #.........   100%        5    ######.
 Summon Small Mammal      Summ           #...         99%         1    ##.....
 Animate Dead             Necr           N/A          100%        4    #####..
 Pain                     Necr           #...         99%         1    ##.....
 Animate Skeleton         Necr           N/A          99%         1    ##.....
 Vampiric Draining        Necr           #.........   100%        3    ####...
 Summon Ice Beast         Ice/Summ       #.......     100%        4    #####..
 Call Imp                 Summ           #.......     100%        2    ###....
 Regeneration             Chrm/Necr      #.........   100%        3    ####...
 Iron Shot                Conj/Erth      #.........   100%        6    #######
 Confusing Touch          Hex            #.....       99%         1    ##.....
 Call Canine Familiar     Summ           #.......     100%        3    ####...
 Orb of Destruction       Conj           #.........   100%        7    #######
 Iskenderun's Battlesphe  Conj/Chrm      #.......     100%        5    ######.
 Summon Lightning Spire   Summ/Air       #.......     100%        4    #####..
 Summon Guardian Golem    Hex/Summ       #.......     100%        3    ####...
 Spellforged Servitor     Conj/Summ      #.........   100%        7    #######


Dungeon Overview and Level Annotations

Branches:
Dungeon (15/15)            Temple (1/1) D:5            Lair (6/6) D:8
  Swamp (0/4) Lair:2        Snake (4/4) Lair:2        Slime (0/5) Lair:6
    Orc (2/2) D:9             Elf (0/3) Orc:2        Vaults (0/5) D:13
 Depths (0/5) D:15

Altars:
Ashenzari
Cheibriados
Dithmenos
Elyvilon
Fedhas
Gozag
Hepliaklqana
Kikubaaqudgha
Makhleb
Nemelex Xobeh
Okawaru
Qazlal
Ru
Sif Muna
Trog
Uskayaw
Vehumet
Wu Jian
Xom
Yredelemnul
Zin
The Shining One

Shops:
D:4 *   Orc:2 %*=%:   Snake:2 *!*

Annotations:
D:13 3 runed doors, Alter's ghost, journeyman MiFi; Benadgh's ghost, novice TrMo; Felam's ghost, novice TrMo; Xyrivyu's ghost, novice TrMo


Innate Abilities, Weirdness & Mutations

You reflexively headbutt those who attack you in melee.
You have a pair of horns on your head.


Message History

You feel much better.
You feel sick. You block the naga warrior's attack.
The naga sharpshooter casts a spell.
The naga sharpshooter magically shoots an arrow.
The arrow hits you!
* * * LOW HITPOINT WARNING * * *
You block the lindwurm's attack.
The lindwurm claws you but does no damage.
The lindwurm claws you.
* * * LOW HITPOINT WARNING * * *
You block the naga warrior's attack.
Unknown command.
Unknown command.
Okay, then.
As you read the scroll of summoning, it crumbles to dust.
Wisps of shadow whirl around you...
You feel sick.
The naga warrior hits you from afar with a halberd!
* * * LOW HITPOINT WARNING * * *
The lindwurm breathes flames at you. The blast of flame hits you!
You die...

.# #......##...≈§§≈..(##...
.#########.....##...≈≈≈≈§≈.(.##..
...............#....§≈§≈≈≈....#..
..####'###....####'#§≈≈≈≈§#(####.
.........#....#...N..≈≈≈≈......#.
.........#....#.......≈§.......#.
.........#....#..NN...≈§.......#.
........†'....#...N..≈§§≈....§)#.
.........#....#)@...§≈≈§≈≈.....#.
##########...##kN≈§§≈≈≈≈§≈≈≈≈..##
..........).##NN.≈≈§≈§≈≈≈≈≈≈§...#
...........##§§§≈§≈########≈≈≈...
..........##..§§≈###,,,,,,###≈≈≈.
####.....##§.≈§§##,,,,,,,,,,##≈≈≈
#....##..≈§§#*,,,,,,,,,,,,##≈≈
#...##..≈§≈#*,,,,******,,,,##≈
#..##,,≈≈≈**,,,***,,,,***,,,##


You could see a naga warrior, a naga sharpshooter, a lindwurm, a friendly naga
warrior, a friendly naga mage and 3 friendly nagas.

Vanquished Creatures
  Rupert (Lair:6)
  Kirke (Lair:6)
  7 nagarajas
  A dire elephant (Lair:6)
  Azrael (Snake:1)
  The ghost of Zaiv the Basher, a journeyman DgFi (Lair:5)
  Josephine (D:10)
  An ettin (D:15)
  8 vault guards
  2 ogre magi (D:15)
  Harold (D:7)
  11 naga warriors
  6 hydras
  10 anacondas
  6 centaur warriors
  2 catoblepae
  A deep troll shaman (Lair:6)
  A tengu warrior (D:15)
  11 two-headed ogres
  16 death yaks
  The ghost of Gergoth the Thaumaturge, a journeyman DEFE of Sif Muna (Lair:2)
  6 orc high priests
  4 shock serpents
  7 naga sharpshooters
  A fire crab (Lair:5)
  4 salamander mystics (Snake:4)
  2 sea snakes (Snake:4)
  4 unseen horrors
  A deep troll (D:15)
  5 naga ritualists
  2 lindwurms (Snake:4)
  A wolf spider zombie (D:15)
  12 orc knights
  8 ugly things
  An orc sorcerer (Orc:2)
  12 salamanders
  3 cyclopes
  2 manticores
  14 mana vipers
  38 black mambas
  10 elephants
  2 guardian serpents
  11 naga magi
  3 gargoyles (D:15)
  A torpor snail (Lair:5)
  11 spiny frogs
  2 kobold demonologists (D:12)
  9 komodo dragons
  2 rime drakes
  2 tengu conjurers (D:13)
  A meliai (shapeshifter) (D:15)
  2 trolls
  2 polar bears (Lair:6)
  3 meliai (D:11)
  5 blink frogs (Lair:5)
  3 bog bodies (Lair:2)
  A hornet (D:10)
  8 slime creatures
  Prince Ribbit (D:8)
  A raiju (shapeshifter) (D:14)
  6 hippogriffs
  A centaur simulacrum (D:14)
  A vampire (D:7)
  42 yaks
  4 wraiths
  2 wyverns
  4 basilisks
  2 steam dragons (D:7)
  5 vampire mosquitoes
  3 hogs (Lair:6)
  2 swamp worms (Lair:2)
  2 wargs
  An acid dragon (D:11)
  30 nagas
  7 porcupines
  12 water moccasins
  4 hell hounds (Snake:1)
  2 sky beasts
  35 orc warriors
  6 ice beasts
  A sky beast (shapeshifter) (D:13)
  2 black bears (Lair:6)
  9 ogres
  2 phantoms
  26 wolves
  19 centaurs
  16 crocodiles
  4 big kobolds
  15 bullfrogs
  A wyvern zombie (D:13)
  3 wyvern skeletons
  6 scorpions
  25 killer bees
  An electric eel (Lair:2)
  A howler monkey (D:10)
  9 jellies
  8 wights
  2 centaur zombies
  11 crimson imps
  A bullfrog zombie (D:10)
  23 orc priests
  2 human zombies (Ossuary)
  4 bullfrog skeletons
  A gnoll shaman (D:5)
  3 hounds
  5 centaur skeletons
  2 iguanas
  8 worker ants
  13 orc wizards
  A big kobold zombie (Ossuary)
  3 hound zombies
  4 mummies (Ossuary)
  2 worker ant zombies (D:7)
  A howler monkey zombie (D:9)
  Robin (D:4)
  3 gnolls (D:5)
  10 adders
  6 shadow imps
  6 oozes
  3 adder zombies
  2 worms (D:2)
  3 dart slugs
  6 leopard geckos
  70 orcs
  3 giant cockroaches
  A gnoll zombie (Ossuary)
  13 hobgoblins
  11 jackals
  15 kobolds
  4 quokkas
  2 ball pythons
  4 bats
  5 frilled lizards
  16 goblins
  A jackal skeleton (D:7)
  A jackal zombie (D:6)
  2 orc zombies (Ossuary)
  A quokka skeleton (D:6)
  5 rats
  2 rat zombies (Ossuary)
  7 fungi
  6 plants
911 creatures vanquished.

Vanquished Creatures (collateral kills)
  A yak (Lair:1)
  A crocodile (Lair:1)
2 creatures vanquished.

Vanquished Creatures (others)
  A naga sharpshooter (Snake:1)
  An ugly thing (D:15)
  A centaur skeleton (D:15)
  A slime creature (D:15)
  A naga (Snake:3)
  A centaur (D:15)
  13 fungi
  6 plants
25 creatures vanquished.

Grand Total: 938 creatures vanquished

Notes
Turn   | Place    | Note
-------+----------+-------------------------------------------
     0 | D:1      | inmateoo the Minotaur Fighter began the quest for the Orb.
     0 | D:1      | Reached XP level 1. HP: 19/19 MP: 0/0
   239 | D:1      | Reached XP level 2. HP: 17/27 MP: 1/1
   318 | D:1      | Reached skill level 3 in Axes
   638 | D:2      | Reached XP level 3. HP: 33/33 MP: 2/2
   739 | D:2      | Found a blossoming altar of Fedhas.
   925 | D:2      | Reached skill level 4 in Axes
   925 | D:2      | Reached XP level 4. HP: 34/40 MP: 3/3
  1767 | D:3      | Found a stormy altar of Qazlal.
  2297 | D:4      | Found an ornate altar of the Wu Jian Council.
  2304 | D:4      | Noticed a centaur
  2311 | D:4      | Killed a centaur
  2311 | D:4      | Reached XP level 5. HP: 30/47 MP: 4/4
  2314 | D:4      | Reached skill level 5 in Axes
  2315 | D:4      | Found Luufupor's General Store.
  2329 | D:4      | Bought 2 potions of heal wounds for 100 gold pieces
  2329 | D:4      | Bought a potion of curing for 30 gold pieces
  2442 | D:4      | Reached skill level 5 in Armour
  2517 | D:4      | Noticed Robin
  2530 | D:4      | Killed Robin
  2530 | D:4      | Reached skill level 5 in Fighting
  2530 | D:4      | Reached XP level 6. HP: 24/56 MP: 5/5
  3478 | D:5      | Entered Level 5 of the Dungeon
  3516 | D:5      | Reached skill level 6 in Axes
  3545 | D:5      | Found a staircase to the Ecumenical Temple.
  3559 | Temple   | Entered the Ecumenical Temple
  3807 | Temple   | Became a worshipper of Warmaster Okawaru
  3880 | D:5      | Found a basalt altar of Yredelemnul.
  3900 | D:5      | Reached XP level 7. HP: 58/61 MP: 6/6
  4045 | D:5      | Reached skill level 7 in Axes
  4454 | D:5      | Found a deep blue altar of Sif Muna.
  4466 | D:5      | Reached * piety under Okawaru
  4505 | D:5      | Reached skill level 8 in Axes
  4508 | D:5      | Reached XP level 8. HP: 65/71 MP: 7/7
  4520 | D:5      | Reached skill level 1 in Invocations
  4819 | D:6      | HP: 3/71 [wyvern skeleton (7)]
  5174 | D:6      | Reached skill level 9 in Axes
  5278 | D:6      | Reached ** piety under Okawaru
  5560 | D:6      | Reached skill level 1 in Dodging
  6030 | D:6      | Reached XP level 9. HP: 79/79 MP: 10/10
  6114 | D:6      | Killed an unseen horror
  6114 | D:6      | Reached *** piety under Okawaru
  6114 | D:6      | Reached skill level 10 in Axes
  6789 | D:7      | Found a snail-covered altar of Cheibriados.
  6867 | D:7      | Noticed Harold
  6887 | D:7      | Killed Harold
  6887 | D:7      | Reached **** piety under Okawaru
  6887 | D:7      | Reached skill level 11 in Axes
  6963 | D:7      | Received a gift from Okawaru
  6963 | D:7      | Reached XP level 10. HP: 18/90 MP: 12/12
  7720 | D:7      | Found an opulent altar of Gozag.
  7723 | D:7      | Found a snail-covered altar of Cheibriados.
  7726 | D:7      | Found a hide-covered altar of Uskayaw.
  7894 | D:8      | Found a burning altar of Makhleb.
  8064 | D:8      | Noticed Prince Ribbit
  8083 | D:8      | Killed Prince Ribbit
  8106 | D:8      | Got a crude scale mail
  8117 | D:8      | Identified the +0 scale mail of Midnight {rElec rC+ Dex+3 Slay+2} (You found it on level 8 of the Dungeon)
  8180 | D:8      | Found a sand-covered staircase.
  8184 | Ossuary  | Entered an ossuary
  8355 | D:8      | Got a scorched whip
  8388 | D:8      | Found a staircase to the Lair.
  8401 | D:8      | Identified the +5 whip of Eragyxey {slash, Str+2} (You found it on level 8 of the Dungeon)
  8756 | D:9      | Found a staircase to the Orcish Mines.
  8756 | D:9      | Noticed a two-headed ogre
  8929 | D:9      | Killed a two-headed ogre
  8929 | D:9      | Reached ***** piety under Okawaru
  8929 | D:9      | Reached skill level 12 in Axes
  8929 | D:9      | Reached skill level 5 in Dodging
  9262 | D:10     | Entered Level 10 of the Dungeon
  9296 | D:10     | Noticed Josephine
  9305 | D:10     | Killed Josephine
  9305 | D:10     | Received a gift from Okawaru
  9320 | D:10     | Reached skill level 10 in Armour
  9327 | D:10     | Reached XP level 11. HP: 85/99 MP: 13/13
  9438 | D:10     | Noticed a two-headed ogre
  9445 | D:10     | Killed a two-headed ogre
  9445 | D:10     | Reached skill level 13 in Axes
  9446 | D:10     | Reached skill level 10 in Fighting
 10445 | D:11     | Got a warped hand axe
 10465 | D:10     | Identified the +7 hand axe of Severance {protect, +Rage Dex+4} (You found it on level 11 of the Dungeon)
 10716 | D:11     | Noticed a two-headed ogre
 10731 | D:11     | Killed a two-headed ogre
 10878 | D:11     | Reached ****** piety under Okawaru
 10932 | D:11     | Reached skill level 14 in Axes
 11357 | D:12     | Received a gift from Okawaru
 11716 | D:12     | Reached XP level 12. HP: 97/110 MP: 14/14
 12191 | D:13     | Noticed a vault guard
 12191 | D:13     | Noticed a vault guard
 12191 | D:13     | Noticed a vault guard
 12192 | D:13     | Found a gate to the Vaults.
 12192 | D:13     | Noticed a vault guard
 12192 | D:13     | Noticed a vault guard
 12192 | D:13     | Noticed a vault guard
 12193 | D:13     | Noticed a vault guard
 12195 | D:13     | Noticed a vault guard
 12203 | D:13     | Killed a vault guard
 12214 | D:13     | Killed a vault guard
 12229 | D:13     | Killed a vault guard
 12243 | D:13     | Killed a vault guard
 12243 | D:13     | Reached skill level 15 in Axes
 12257 | D:13     | Killed a vault guard
 12257 | D:13     | Reached skill level 5 in Shields
 12591 | D:12     | Killed a vault guard
 12591 | D:12     | Received a gift from Okawaru
 12663 | D:13     | Killed a vault guard
 12682 | D:13     | Killed a vault guard
 12865 | D:13     | Noticed a centaur warrior
 12877 | D:13     | Killed a centaur warrior
 12925 | D:13     | Noticed a centaur warrior
 12934 | D:13     | Killed a centaur warrior
 13248 | D:13     | Found a runed gate.
 13248 | D:13     | Found a runed gate.
 13248 | D:13     | Noticed Xyrivyu's ghost (novice TrMo)
 13249 | D:13     | Found a runed gate.
 13249 | D:13     | Noticed Felam's ghost (novice TrMo)
 13250 | D:13     | Noticed Benadgh's ghost (novice TrMo)
 13255 | D:13     | Noticed Alter's ghost (journeyman MiFi)
 13255 | D:13     | Noticed Xyrivyu's ghost (novice TrMo)
 13317 | D:13     | Reached XP level 13. HP: 118/118 MP: 15/15
 13507 | D:13     | Received a gift from Okawaru
 13673 | D:14     | Reached skill level 16 in Axes
 13730 | D:14     | Received a gift from Okawaru
 13733 | D:14     | Got a crude battleaxe {god gift}
 13735 | D:14     | Identified the +2 battleaxe of Indomitability {drain, Dex+3} (Okawaru gifted it to you on level 14 of the Dungeon)
 13775 | D:14     | You fall through a shaft!
 13775 | D:15     | Entered Level 15 of the Dungeon
 13815 | D:15     | Received a gift from Okawaru
 13844 | D:15     | Reached skill level 10 in Dodging
 13946 | D:15     | Noticed an ettin
 13955 | D:15     | Killed an ettin
 13955 | D:15     | Received a gift from Okawaru
 14404 | D:15     | Reached skill level 17 in Axes
 14665 | D:15     | Reached XP level 14. HP: 127/127 MP: 16/16
 14709 | D:15     | Found a staircase to the Depths.
 16240 | Lair:1   | Entered Level 1 of the Lair of Beasts
 16670 | Lair:1   | Received a gift from Okawaru
 16902 | Lair:2   | Noticed Gergoth's ghost (journeyman DEFE)
 16905 | Lair:2   | Found a transporter.
 16915 | Lair:2   | Found the +15 Maxwell's patent armour {-Cast -Tele rElec MR+ rCorr}
 16925 | Lair:2   | Found a transporter.
 16963 | Lair:2   | Killed Gergoth's ghost
 17152 | Lair:2   | Found a staircase to the Snake Pit.
 17259 | Lair:2   | Found a staircase to the Swamp.
 17407 | Lair:2   | Got a pair of jewelled gloves
 17418 | Lair:2   | Identified the +1 pair of gloves of the Peasants {SInv} (You found it on level 2 of the Lair of Beasts)
 18550 | Lair:4   | Reached skill level 18 in Axes
 19050 | Lair:4   | Noticed Sonja
 19064 | Lair:4   | Noticed Sonja
 19064 | Lair:4   | Sonja changed into Sonja the ice beast
 19075 | Lair:4   | Killed Sonja the ice beast
 19086 | Lair:4   | You fall through a shaft for 2 floors!
 19086 | Lair:6   | Entered Level 6 of the Lair of Beasts
 19293 | Lair:6   | Received a gift from Okawaru
 19419 | Lair:6   | Reached XP level 15. HP: 129/137 MP: 17/17
 19446 | Lair:6   | Noticed Rupert
 19471 | Lair:6   | Reached skill level 10 in Shields
 19487 | Lair:6   | Killed Rupert
 19595 | Lair:6   | Found a staircase to the Slime Pits.
 19637 | Lair:6   | Noticed Kirke
 19664 | Lair:6   | Killed Kirke
 20299 | Lair:5   | Reached skill level 1 in Evocations
 20396 | Lair:5   | Received a gift from Okawaru
 20420 | Lair:5   | Reached skill level 19 in Axes
 20877 | Lair:5   | Found a runed gate.
 20878 | Lair:5   | Found a runed gate.
 20878 | Lair:5   | Noticed Zaiv's ghost (journeyman DgFi)
 20879 | Lair:5   | Found a runed gate.
 21364 | Lair:5   | Killed Zaiv's ghost
 21752 | Orc:1    | Entered Level 1 of the Orcish Mines
 21929 | Orc:1    | Received a gift from Okawaru
 21942 | Orc:1    | Identified the +2 executioner's axe "Uziqegh" {chop, MR+ Int+3} (Okawaru gifted it to you on level 1 of the Orcish Mines)
 22091 | Orc:2    | Entered Level 2 of the Orcish Mines
 24196 | Orc:2    | Reached XP level 16. HP: 147/147 MP: 18/18
 24217 | Orc:2    | Found Netuso's General Store.
 24220 | Orc:2    | Found Alisaeg's Book Emporium.
 24221 | Orc:2    | Found Juina's Jewellery Emporium.
 24222 | Orc:2    | Found Fyr Inu's Food Shoppe.
 24225 | Orc:2    | Bought an uncursed amulet of guardian spirit for 540 gold pieces
 24344 | Orc:2    | Bought a scroll of identify for 24 gold pieces
 24388 | Orc:2    | Found Zaraor's Food Shop.
 24459 | Orc:2    | Found a staircase to the Elven Halls.
 24918 | Snake:1  | Entered Level 1 of the Snake Pit
 24988 | Snake:1  | Reached skill level 15 in Armour
 25005 | Snake:1  | Noticed Azrael
 25024 | Snake:1  | Killed Azrael
 25263 | Snake:1  | Received a gift from Okawaru
 25561 | Snake:1  | Received a gift from Okawaru
 26150 | Snake:1  | Reached skill level 15 in Fighting
 26427 | Snake:2  | Reached skill level 20 in Axes
 26452 | Snake:2  | Found Faprer's General Store.
 26454 | Snake:2  | Found Bung's Distillery.
 26456 | Snake:2  | Found Jucoutix's General Store.
 26460 | Snake:2  | Bought a potion of magic for 136 gold pieces
 26460 | Snake:2  | Bought a potion of haste for 170 gold pieces
 26462 | Snake:2  | Bought a potion of agility for 64 gold pieces
 26462 | Snake:2  | Bought a potion of curing for 48 gold pieces
 26462 | Snake:2  | Bought a potion of heal wounds for 80 gold pieces
 26462 | Snake:2  | Bought a potion of haste for 160 gold pieces
 26462 | Snake:2  | Bought a potion of heal wounds for 80 gold pieces
 26462 | Snake:2  | Bought a potion of heal wounds for 80 gold pieces
 26462 | Snake:2  | Bought a potion of ambrosia for 128 gold pieces
 26462 | Snake:2  | Bought a potion of curing for 48 gold pieces
 26462 | Snake:2  | Bought a potion of might for 64 gold pieces
 27272 | Snake:3  | Received a gift from Okawaru
 27789 | Snake:3  | Reached skill level 5 in Evocations
 28399 | Snake:4  | Entered Level 4 of the Snake Pit
 28451 | Snake:4  | Reached XP level 17. HP: 131/156 MP: 14/19
 28653 | Snake:4  | Received a gift from Okawaru
 29924 | Snake:4  | Killed from afar by a lindwurm

Skill      XL: |  1  2  3  4  5  6  7  8  9 10 11 12 13 14 15 16 17 |
---------------+----------------------------------------------------+-----
Axes           | 3 4 5 6 8 9 11 12 14 15 17 18 19 20 | 20.8
Fighting       | 4 5 6 7 8 9 11 12 13 14 15 | 15.7
Armour         | 4 5 6 7 8 10 11 12 13 14 15 16 | 16.0
Shields        | 4 6 8 9 11 12 | 12.7
Invocations    | 2 4 |  4.4
Dodging        | 1 4 6 7 9 10 11 12 13 | 13.5
Evocations     | 3 5 6 |  6.0

Action                   |  1- 3 |  4- 6 |  7- 9 | 10-12 | 13-15 | 16-18 || total
-------------------------+-------+-------+-------+-------+-------+-------++-------
Melee: War axe           |    74 |   103 |   290 |   241 |       |   470 ||  1178
       Headbutt          |    14 |    21 |    50 |   163 |   465 |   191 ||   904
       Hand axe          |       |       |       |   321 |  1314 |   258 ||  1893
       Whip              |       |       |       |       |    37 |       ||    37
Throw: Javelin           |       |       |       |       |       |     1 ||     1
Invok: Heroism           |       |       |     2 |     1 |     7 |       ||    10
       Finesse           |       |       |       |       |     2 |       ||     2
Evoke: Wand              |       |       |     5 |       |     4 |       ||     9
  Use: Scroll            |       |    11 |     7 |     6 |    10 |     3 ||    37
       Potion            |       |       |     3 |       |     1 |     2 ||     6
 Stab: Invisible         |       |       |       |       |    56 |       ||    56
       Petrified         |       |       |       |       |    11 |       ||    11
       Petrifying        |       |       |       |       |     1 |       ||     1
  Eat: Chunk             |       |     6 |     7 |     6 |    27 |       ||    46
       Ration            |       |     1 |     1 |     5 |     4 |     6 ||    17
Armor: Scale mail        |    32 |    30 |       |   107 |    71 |       ||   240
       Plate armour      |       |    28 |   224 |    41 |   314 |   299 ||   906
Dodge: Dodged            |    19 |    26 |    54 |   231 |   580 |   208 ||  1118
Block: Shield            |    46 |    49 |   166 |   252 |   776 |   520 ||  1809
